 Dungeon Crawl Stone Soup version 0.21.1-1-g345015f (webtiles) character file.

3552 shakethe the Cleaver (level 9, -6/106 HPs)
             Began as a Demonspawn Gladiator on Feb 25, 2018.
             Was a Priest of Makhleb.
             Mangled by a vampire (10 damage)
             ... on level 9 of the Dungeon.
             The game lasted 00:18:35 (8926 turns).

shakethe the Cleaver (Demonspawn Gladiator)         Turns: 8926, Time: 00:18:36

Health: -6/106     AC:  6    Str: 20    XL:     9   Next: 83%
Magic:  13/13      EV: 15    Int: 13    God:    Makhleb [***...]
Gold:   169        SH:  5    Dex: 14    Spells: 8/8 levels left

rFire    + . .     SeeInvis .   a - +0 war axe
rCold    . . .     Gourm    .   p - +0 buckler
rNeg     . . .     Faith    .   c - +0 leather armour
rPois    .         Spirit   .   (helmet restricted)
rElec    .         Reflect  .   L - +0 cloak
rCorr    .         Harm     .   (no gloves)
MR       .....                  (no boots)
Stlth    ..........             M - amulet of rage {+Rage, !d}
HPRegen  0.27/turn              (no ring)
MPRegen  0.13/turn              (no ring)

@: berserking (expiring), very quick
A: horns 1, thin metallic scales 1, fire resistance 1, flame cloud immunity
a: Minor Destruction, Lesser Servant of Makhleb, Renounce Religion, Evoke
Berserk Rage


You were on level 9 of the Dungeon.
You worshipped Makhleb.
Makhleb was most pleased with you.
You were not hungry.

You visited 1 branch of the dungeon, and saw 9 of its levels.

You collected 463 gold pieces.
You spent 294 gold pieces at shops.

Inventory:

Hand Weapons
 a - a +0 war axe (weapon)
 b - a cursed +0 blowgun
   (You took it off a kobold on level 7 of the Dungeon)
 D - a +0 short sword
   (You took it off a kobold on level 7 of the Dungeon)
 E - a +0 short sword
   (You took it off a kobold on level 7 of the Dungeon)
 I - a +0 war axe
   (You took it off an orc on level 7 of the Dungeon)
Missiles
 d - 3 throwing nets {=f, !d}
 w - 29 poisoned needles (quivered)
Armour
 c - a +0 leather armour (worn)
 p - a +0 buckler (worn)
   (You found it on level 2 of the Dungeon)
 L - a +0 cloak (worn)
   (You found it on level 8 of the Dungeon)
Magical Staves
 H - an uncursed staff of energy {unknown}
   (You found it on level 7 of the Dungeon)
Jewellery
 t - an uncursed ring of ice {rC+, rF-}
   (You found it on level 4 of the Dungeon)
 B - an uncursed ring of fire {rF+, rC-}
   (You found it on level 5 of the Dungeon)
 M - an amulet of rage (around neck) {+Rage, !d}
   (You found it on level 8 of the Dungeon)
Wands
 F - a wand of polymorph (11)
   (You found it on level 7 of the Dungeon)
 K - a wand of disintegration (9)
   (You took it off an orc on level 7 of the Dungeon)
Scrolls
 g - 2 scrolls of immolation {!r}
 h - 7 scrolls of remove curse
 m - 5 scrolls of teleportation
 o - 2 scrolls of magic mapping {!r}
 v - a scroll of fog
 y - 2 scrolls of silence
 C - a scroll of amnesia
 N - a scroll of identify
Potions
 e - 3 potions of flight
 i - 2 potions of berserk rage {!q}
 j - 2 potions of resistance
 k - a potion of haste
 l - 3 potions of agility
 n - 2 potions of lignification {!q}
 r - 2 potions of curing
 u - 2 potions of invisibility
 x - a potion of heal wounds
 z - a potion of brilliance
 A - 4 potions of might
 G - a potion of ambrosia
 J - a potion of mutation {unknown}
Books
 s - a book of Callings
   (You found it on level 3 of the Dungeon)
Comestibles
 f - 11 rations


   Skills:
 + Level 6.4 Fighting
 * Level 8.5 Axes
 - Level 1.7 Throwing
 + Level 6.2 Dodging
 - Level 4.0 Shields
 + Level 6.3 Invocations


You had 8 spell levels left.
You didn't know any spells.

Dungeon Overview and Level Annotations

Branches:
Dungeon (9/15)             Temple (0/1) D:7            Lair (0/6) D:8
    Orc: D:9-12

Altars:
Cheibriados
Dithmenos
Fedhas
Hepliaklqana
Makhleb
Okawaru
Uskayaw
Xom
The Shining One

Shops:
D:7 ?


Innate Abilities, Weirdness & Mutations

You have a pair of small horns on your head.
You are partially covered in thin metallic scales. (AC +2)
Your flesh is heat resistant. (rF+)
You are immune to clouds of flame.


Message History

MASSIVE DAMAGE!!
Something hits you!
* * * LOW HITPOINT WARNING * * *
Something bites you!
* * * LOW HITPOINT WARNING * * *
Something draws strength from your injuries!
You take 15 damage, and have 7/71 hp.
MASSIVE DAMAGE!!
Okay, then.
Really read
q - a scroll of blinking {!r}?
Blink to where?
You are very lightly contaminated with residual magic.
As you read the scroll of blinking {!r}, it crumbles to dust.
You found a teleport trap!
There is a stone staircase leading up here.
You climb upwards.
There is a stone staircase leading down here.
You start resting.
Your magical contamination has completely faded away.
You regained 8 hp, and now have 17/71 hp.
You start resting.
You are feeling hungry.
You start resting.
You are feeling very hungry.
You regained 37 hp, and now have 55/71 hp.
You start resting.
Health restored: 71
There is a stone staircase leading down here.
You eat one of the 12 rations.
That ration really hit the spot!
There is a stone staircase leading down here.
Oops, that amulet feels deathly cold.
M - a cursed amulet of rage (around neck)
As you read the scroll of remove curse, it crumbles to dust.
You feel as if something is helping you.
Okay, then.
You climb downwards.
The vampire closely misses you. The vampire barely misses you.
You block the vampire's attack. x2
There is a stone staircase leading up here.
A demon appears!
You block the vampire's attack. The vampire bites you.
The vampire draws strength from your injuries!
You take 10 damage, and have 61/71 hp.
You fail to use your ability.
You block the vampire's attack. The vampire bites you!
The vampire draws strength from your injuries!
Your ynoxinul gestures at the vampire.
The iron shot hits the vampire.
You take 12 damage, and have 49/71 hp.
A red film seems to cover your vision as you go berserk!
You feel yourself moving faster!
You feel mighty!
You feel a lot more hungry.
The vampire drinks a potion.
The vampire is healed!
Your ynoxinul misses the vampire.
You now have 74/106 hp.
You hit the vampire but do no damage. You headbutt the vampire.
The vampire closely misses you. You block the vampire's attack.
You barely miss the vampire. Your headbutt misses the vampire.
Your ynoxinul hits the vampire but does no damage.
You barely miss the vampire. The vampire closely misses you.
The vampire misses you.
Your ynoxinul barely misses the vampire.
You slash the vampire! You barely miss the vampire.
The vampire is infused with unholy energy.
The vampire draws life force from you and is healed!
Your ynoxinul hits the vampire but does no damage.
You take 15 damage, and have 59/106 hp.
Unknown command.
You hit the vampire.
The vampire is infused with unholy energy.
The vampire draws life force from you and is healed!
Your ynoxinul closely misses the vampire.
You take 15 damage, and have 44/106 hp.
You closely miss the vampire.
The vampire hits you but does no damage.
You block the vampire's attack.
You hit the vampire but do no damage. Your ynoxinul hits the vampire!
You barely miss the vampire.
You headbutt the vampire, but do no damage.
The vampire hits you. The vampire bites you!
* * * LOW HITPOINT WARNING * * *
The vampire draws strength from your injuries!
Your ynoxinul hits the vampire!
You take 13 damage, and have 31/106 hp.
You hit the vampire but do no damage. Your headbutt misses the vampire.
The vampire gestures wildly while chanting.
The vampire flickers and vanishes!
You barely miss something.
Your ynoxinul closely misses something.
You slash something! Your headbutt misses something.
Unholy energy fills the air.
* * * LOW HITPOINT WARNING * * *
Your ynoxinul barely misses something.
You take 17 damage, and have 15/106 hp.
You completely miss something. You headbutt something. Something hits you.
* * * LOW HITPOINT WARNING * * *
Something bites you but does no damage.
Your ynoxinul hits something but does no damage.
You take 4 damage, and have 11/106 hp.
You miss something. Your headbutt misses something. Something hits you!
* * * LOW HITPOINT WARNING * * *
Something bites you!
You die...

###################
#.........3.......#
#######........{@.......#
...........^............#
........................#
..ยง.....................#
..#######################
......... ..!......
......... ........>


You could see a friendly ynoxinul.

Vanquished Creatures
  Pikel (D:5)
  Grinder (D:3)
  A spriggan (D:7)
  A wyvern (D:8)
  A hungry ghost (D:8)
  An orc warrior (D:7)
  2 slaves (D:5)
  4 sky beasts
  2 ogres (D:7)
  The ghost of soepske the Insei, an amateur GnTm (D:3)
  2 centaurs
  A big kobold (D:7)
  4 bullfrogs (D:6)
  A scorpion (D:6)
  3 killer bees (D:7)
  3 bullfrog zombies
  4 crimson imps
  A centaur zombie (D:6)
  4 hounds
  7 orc wizards
  A centaur skeleton (D:6)
  5 orc priests
  Jessica (D:3)
  A worker ant (D:5)
  3 iguanas
  A hound zombie (D:6)
  2 howler monkey zombies (D:6)
  A mummy (D:4)
  A howler monkey skeleton (D:5)
  9 adders
  2 shadow imps
  An ooze (D:1)
  An adder zombie (D:7)
  A worm (D:3)
  5 adder skeletons
  3 dart slugs
  6 leopard geckos
  30 orcs
  10 bats
  4 giant cockroaches
  9 goblins
  4 hobgoblins
  3 quokkas
  A frilled lizard (D:4)
  A hobgoblin zombie (D:4)
  13 kobolds
  2 kobold zombies (D:4)
  A leopard gecko skeleton (D:6)
  An orc zombie (D:4)
  2 quokka skeletons
  5 rats
175 creatures vanquished.

Vanquished Creatures (collateral kills)
  5 orcs (D:7)
5 creatures vanquished.

Grand Total: 180 creatures vanquished

Notes
Turn   | Place    | Note
-------+----------+-------------------------------------------
     0 | D:1      | shakethe the Demonspawn Gladiator began the quest for the Orb.
     0 | D:1      | Reached XP level 1. HP: 16/16 MP: 1/1
   184 | D:1      | Reached skill level 3 in Axes
   184 | D:1      | Gained mutation: You have a pair of small horns on your head. [demonic ancestry]
   184 | D:1      | Reached XP level 2. HP: 15/22 MP: 2/2
   697 | D:2      | Found a burning altar of Makhleb.
   699 | D:2      | Reached skill level 3 in Dodging
   709 | D:2      | Became a worshipper of Makhleb the Destroyer
   751 | D:2      | Reached XP level 3. HP: 27/28 MP: 3/3
  1103 | D:2      | Found an iron altar of Okawaru.
  1735 | D:3      | Noticed soepske's ghost (amateur GnTm)
  1754 | D:3      | Killed soepske's ghost
  1754 | D:3      | Reached skill level 4 in Axes
  1754 | D:3      | Reached skill level 1 in Shields
  1754 | D:3      | Reached XP level 4. HP: 22/34 MP: 4/4
  1873 | D:3      | Noticed Jessica
  1880 | D:3      | Killed Jessica
  1880 | D:3      | Reached skill level 3 in Fighting
  1880 | D:3      | Gained mutation: Your flesh is heat resistant. (rF+) [demonic ancestry]
  1880 | D:3      | Reached XP level 5. HP: 29/41 MP: 5/5
  2602 | D:3      | Noticed Grinder
  2605 | D:3      | Killed Grinder
  2605 | D:3      | Reached * piety under Makhleb
  2605 | D:3      | Reached skill level 2 in Shields
  2605 | D:3      | Reached XP level 6. HP: 42/48 MP: 6/6
  2888 | D:3      | Reached skill level 5 in Axes
  3082 | D:4      | Reached skill level 4 in Dodging
  3313 | D:4      | Found a snail-covered altar of Cheibriados.
  3334 | D:4      | Gained mutation: You are partially covered in thin metallic scales. (AC +2) [demonic ancestry]
  3334 | D:4      | Reached XP level 7. HP: 44/53 MP: 7/7
  3466 | D:4      | Reached skill level 4 in Fighting
  4377 | D:5      | Entered Level 5 of the Dungeon
  4398 | D:5      | Reached skill level 1 in Invocations
  4437 | D:5      | Found a hide-covered altar of Uskayaw.
  4704 | D:5      | Noticed Pikel
  4924 | D:5      | Reached ** piety under Makhleb
  5012 | D:5      | Killed Pikel
  5012 | D:5      | Reached skill level 6 in Axes
  5012 | D:5      | Reached skill level 3 in Shields
  5012 | D:5      | Reached skill level 3 in Invocations
  5012 | D:5      | Gained mutation: You are immune to clouds of flame. [demonic ancestry]
  5012 | D:5      | Reached XP level 8. HP: 61/61 MP: 8/10
  5452 | D:6      | Reached skill level 5 in Fighting
  5463 | D:6      | Reached skill level 5 in Dodging
  5514 | D:6      | HP: 15/62 [poisoned by a scorpion]
  5522 | D:6      | HP: 15/62 [poisoned by a scorpion]
  5747 | D:6      | Reached skill level 4 in Invocations
  5797 | D:6      | HP: 14/62 [something (6)]
  5803 | D:6      | Reached skill level 7 in Axes
  6078 | D:6      | Reached skill level 4 in Shields
  6148 | D:6      | Reached XP level 9. HP: 63/68 MP: 12/12
  6167 | D:6      | Found a snail-covered altar of Cheibriados.
  6371 | D:6      | Found a hazy altar of Hepliaklqana.
  6372 | D:6      | Found a shimmering altar of Xom.
  6372 | D:6      | Noticed a hell beast
  6391 | D:6      | Noticed a hell beast
  6392 | D:6      | Noticed a spectral ugly thing
  6702 | D:6      | Found a blossoming altar of Fedhas.
  6702 | D:6      | Found a shadowy altar of Dithmenos.
  6829 | D:7      | Reached skill level 5 in Invocations
  6855 | D:7      | Reached *** piety under Makhleb
  7153 | D:7      | Reached skill level 6 in Fighting
  7153 | D:7      | Reached skill level 8 in Axes
  7409 | D:7      | Found a glowing golden altar of the Shining One.
  7467 | D:7      | Found a blossoming altar of Fedhas.
  7552 | D:7      | Reached skill level 6 in Dodging
  7719 | D:7      | Found Paeqacha's Magic Scroll Shop.
  7777 | D:7      | Found a staircase to the Ecumenical Temple.
  7792 | D:7      | Reached skill level 6 in Invocations
  7858 | D:7      | Bought a scroll of identify for 28 gold pieces
  7858 | D:7      | Bought a scroll of identify for 28 gold pieces
  7858 | D:7      | Bought 2 scrolls of identify for 56 gold pieces
  7865 | D:7      | Bought a scroll of identify for 28 gold pieces
  7865 | D:7      | Bought a scroll of immolation for 49 gold pieces
  7865 | D:7      | Bought a scroll of silence for 105 gold pieces
  8011 | D:8      | Found a staircase to the Lair.
  8597 | D:9      | HP: 15/71 [something (7)]
  8597 | D:9      | HP: 7/71 [something (8)]
  8924 | D:9      | HP: 15/106 [something/vampiric draining (17)]
  8926 | D:9      | HP: 4/106 [something (7)]
  8926 | D:9      | Mangled by a vampire

Skill      XL: |  1  2  3  4  5  6  7  8  9 |
---------------+----------------------------+-----
Axes           | 3 4 5 6 7 8 |  8.5
Dodging        | 3 4 5 6 |  6.2
Shields        | 1 2 3 4 |  4.0
Fighting       | 3 4 5 6 |  6.4
Invocations    | 3 4 6 |  6.3
Throwing       | |  1.7

Action                   |  1- 3 |  4- 6 |  7- 9 || total
-------------------------+-------+-------+-------++-------
Melee: War axe           |    70 |    87 |   462 ||   619
       Headbutt          |     7 |    16 |    86 ||   109
Throw: Throwing net      |     2 |       |       ||     2
Invok: Minor Destruction |       |       |     3 ||     3
       Lesser Servant of |       |       |     3 ||     3
 Abil: Evoke Berserk Rag |       |       |     1 ||     1
Evoke: Wand              |       |       |     9 ||     9
  Use: Scroll            |       |     6 |    15 ||    21
       Potion            |       |     1 |     1 ||     2
 Stab: Sleeping          |       |     2 |     1 ||     3
  Eat: Chunk             |     1 |     2 |     9 ||    12
       Ration            |       |     1 |     4 ||     5
Armor: Leather armour    |    20 |    20 |    96 ||   136
       Skin              |       |       |    11 ||    11
Dodge: Dodged            |    45 |    47 |   254 ||   346
Block: Buckler           |     6 |    15 |    93 ||   114

Vault maps used:
D:1:      dpeg_arrival_tiny_a
D:2:      old_standard_altar, kennysheep_okawaru_gauntlet
D:3:      cheibrodos_helix_gallery, minmay_quantized, uniq_grinder, uniq_jessica
D:4:      cheibrodos_pilgrimage, overflow_temple_1_default, minmay_mini_ossuary
D:5:      eat_drink_and_be_merry_uskayaw, first_ration, nrook_uturn,
          minmay_misc_feat_encased, uniq_pikel
D:6:      regret_index_temple_of_mockery, gammafunk_temple_overflow_wave,
          basic_altar, serial_undead, serial_undead_e, serial_undead_d,
          serial_undead_e, serial_undead_f
D:7:      lemuel_round_altar, minmay_temple_entry_butterflies, serial_shops,
          shop, the_bakery, fedhas_altar_4
D:8:      lair_entry_dummy, serial_aquarium, aquarium_bridge_long_joined,
          aquarium_bridge_square, aquarium_window_corridor_1,
          aquarium_window_fake, aquarium_view_2f, aquarium_pool_2
D:9:      lemuel_doored_altar

Table legend:
 A = Turns spent in this place as a percentage of turns spent in the entire game.
 B = Non-inter-level travel turns spent in this place as a percentage of non-inter-level travel turns spent in the entire game.
 C = Inter-level travel turns spent in this place as a percentage of turns spent in this place.
 D = Turns resting spent in this place as a percentage of non-inter-level travel turns spent in this place.
 E = Turns spent auto-exploring this place as a percentage of non-inter-level travel turns spent in this place.
 F = Non-inter-level travel turns spent in this place divided by the number of levels of this place that you've seen.
                   A       B       C       D       E      F
               +-------+-------+-------+-------+-------+----------------------
         Total | 100.0 | 100.0 |   3.4 |  32.7 |  49.8 | 957.8
       Dungeon | 100.0 | 100.0 |   3.4 |  32.7 |  49.8 | 957.8
               +-------+-------+-------+-------+-------+----------------------

Table legend:
 A = Kills in this place as a percentage of kills in entire the game.
 B = Kills by you in this place as a percentage of kills by you in the entire game.
 C = Kills by friends in this place as a percentage of kills by friends in the entire game.
 D = Other kills in this place as a percentage of other kills in the entire game.
 E = Experience gained in this place as a percentage of experience gained in the entire game.
 F = Experience gained in this place divided by the number of levels of this place that you have seen.
                   A       B       C       D       E      F
               +-------+-------+-------+-------+-------+----------------------
         Total | 100.0 | 100.0 | 100.0 |   N/A | 100.0 | 563.9
       Dungeon | 100.0 | 100.0 | 100.0 |   N/A | 100.0 | 563.9
               +-------+-------+-------+-------+-------+----------------------
